 Dungeon Crawl Stone Soup version 0.29-a0-322-g68df515428 (webtiles) character file.

Game seed: 5079530216327226825

1432 experimilk the Basher (level 8, -3/61 (66) HPs)
             Began as a Palentonga Fighter on Apr 5, 2022.
             Was a Follower of Wu Jian.
             Drowned by a water elemental (7 damage)
             ... on level 2 of the Abyss.
             The game lasted 00:10:13 (4796 turns).

experimilk the Basher (Palentonga Fighter)          Turns: 4796, Time: 00:10:14

HP:   -3/61 (66)    AC:  8    Str: 21    XL:     8   Next: 45%
MP:   8/8           EV:  7    Int: 13    God:    Wu Jian [*.....]
Gold: 220           SH:  6    Dex: 16    Spells: 7/7 levels left

rFire   . . .      SeeInvis +   s - +1 morningstar (venom)
rCold   . . .      Faith    .   c - +1 buckler
rNeg    . . .      Spirit   .   b - +1 scale mail
rPois   .          Reflect  .   (no helmet)
rElec   .          Harm     .   v - +0 cloak
rCorr   +          Rampage  .   (no gloves)
Will    +....                   (no barding)
Stlth   ..........              l - amulet "Vur Nequlo" {Will+ Regen+ Int+4 Dex+6}
HPRegen 1.00/turn               n - ring of resist corrosion
MPRegen 0.11/turn               (no ring)

@: mighty, engulfed (cannot breathe), studying Staves, drained
A: large, rugged brown scales 3, see invisible, deformed body, roll 1, armoured
tail, reflexive curl
a: Rolling Charge, Renounce Religion


You were on level 2 of the Abyss.
You worshipped Wu Jian.
Wu Jian was aware of your devotion.
You visited 1 branch of the dungeon, and saw 6 of its levels.
You visited the Abyss 1 time.

You collected 338 gold pieces.
You spent 118 gold pieces at shops.

Inventory:

Hand Weapons
 f - a +0 morningstar
 s - a +1 morningstar of venom (weapon)
 u - a +0 morningstar
Missiles
 m - 6 boomerangs (quivered)
 o - 6 poisoned darts
Armour
 b - a +1 scale mail (worn)
 c - a +1 buckler (worn)
 t - a +0 chain mail
 v - a +0 cloak (worn)
Jewellery
 l - the amulet "Vur Nequlo" (around neck) {Will+ Regen+ Int+4 Dex+6}
   (You found it on level 2 of the Dungeon)

   [amulet of regeneration]

   Int:       It affects your intelligence (+4).
   Dex:       It affects your dexterity (+6).
   Regen:     It increases your rate of health regeneration.
   Will:      It increases your willpower.
 n - a ring of resist corrosion (left hand)
 q - a ring of magical power
Scrolls
 a - a scroll of enchant armour
 g - a scroll of acquirement {unknown}
 h - a scroll of magic mapping {unknown}
 j - a scroll of teleportation
Potions
 e - 4 potions of flight
 i - 7 potions of curing
 k - a potion of lignification
 p - 3 potions of brilliance
 r - a potion of attraction {unknown}


   Skills:
 + Level 5.3 Fighting
 - Level 4.4(6.8) Axes
 * Level 8.0(8.5) Maces & Flails
 - Level 3.0 Armour
 - Level 3.0 Shields


You had 7 spell levels left.
You didn't know any spells.
Your spell library contained the following spells:

 Spells                   Type           Power      Damage    Failure   Level
 Beastly Appendage        Tmut           0%         N/A       71%         1
 Wereblood                Tmut           0%         N/A       83%         2
 Confusing Touch          Hex            0%         N/A       97%         3
 Spider Form              Tmut/Pois      0%         N/A       97%         3
 Tukima's Dance           Hex            0%         N/A       97%         3
 Anguish                  Hex/Necr       0%         N/A       100%        4
 Yara's Violent Unravell  Hex/Tmut       0%         3d3       100%        5
 Enfeeble                 Hex            0%         N/A       100%        7


Dungeon Overview and Level Annotations

Branches:
Dungeon (6/15)
 Temple: D:4-7

Altars:
Fedhas
Gozag
Wu Jian
The Shining One

Shops:
D:1 (   D:3 (


Innate Abilities, Weirdness & Mutations

You are completely covered in rugged brown scales. (AC +3, +7% HP)
You have supernaturally acute eyesight. (SInv)
Armour fits poorly on your strangely shaped body.
You can roll at nearby foes to attack.
You have a long armoured tail.
You curl defensively after being hit. (AC +7*)


Message History

The wight is almost destroyed.
You feel very sick. The wight hits you but does no damage.
You feel very mighty all of a sudden.
You feel sick. The wight barely misses you. The wight closely misses you.
You feel very sick.
You sock the wight!
You destroy the wight!
The Council accepts your kill.
You feel sick.
Your Maces & Flails skill increases to level 8!
You closely miss the wight.
You feel sick.
The wight hits you with a +2 dire flail of distortion.
* * * LOW HITPOINT WARNING * * *
You feel drained.
* * * LOW HITPOINT WARNING * * *
You are cast into the Abyss!
This branch contains the abyssal rune of Zot.
You start resting.
You feel sick. x5
You are no longer poisoned.
You start resting.
A water elemental coalesces out of seething chaos.
You puncture the water elemental!
The water elemental is moderately damaged.
The water elemental hits you.
You hit the water elemental.
The water elemental is moderately damaged.
The water elemental barely misses you.
You barely miss the water elemental.
The water elemental is moderately damaged.
The water elemental hits you.
The water elemental engulfs you in water!
You closely miss the water elemental.
The water elemental is moderately damaged.
Your lungs strain for air!
The water elemental hits you!
* * * LOW HITPOINT WARNING * * *
You puncture the water elemental!
The water elemental is severely damaged.
You die...

. .. .. ... ...
.... ...# .....##
....#
.......####......
#...@E....#
#..#####...# #..
.# #. . #... ....
.#... ......


You could see a water elemental.

Vanquished Creatures
  2 sky beasts (D:6)
  2 ogres (D:6)
  A phantom (D:5)
  A kobold brigand (D:6)
  4 necrophages (D:5)
  2 scorpions (D:5)
  A wight (D:6)
  2 hounds (D:4)
  A jelly (D:6)
  2 orc priests (D:6)
  2 iguanas (D:5)
  An orc wizard (D:4)
  A scorpion zombie (D:5)
  A hound zombie (D:5)
  5 adders
  11 gnolls (D:4)
  A white imp (D:6)
  A worm (D:3)
  3 dart slugs
  14 orcs
  5 bats
  4 endoplasms
  2 giant cockroaches
  4 goblins
  7 hobgoblins
  4 jackals (D:1)
  11 kobolds
  3 quokkas
  7 ball pythons
  4 frilled lizards
  6 rats
115 creatures vanquished.

Vanquished Creatures (others)
  A bush (D:5)
  11 plants (D:5)
12 creatures vanquished.

Grand Total: 127 creatures vanquished

Notes
Turn   | Place    | Note
-------+----------+-------------------------------------------
     0 | D:1      | experimilk the Palentonga Fighter began the quest for the
                  | Orb.
     0 | D:1      | Reached XP level 1. HP: 19/19 MP: 1/1
   456 | D:1      | Reached XP level 2. HP: 23/25 MP: 2/2
   815 | D:1      | Found Xubbu's Weapon Boutique.
   907 | D:1      | Reached XP level 3. HP: 31/31 MP: 3/3
  1162 | D:2      | Found a glowing golden altar of the Shining One.
  1457 | D:2      | Identified the amulet "Vur Nequlo" {Will+ Regen+ Int+4
                  | Dex+6}
  1981 | D:3      | Reached XP level 4. HP: 37/37 MP: 4/4
  2174 | D:3      | Found Ickupie's Weapon Emporium.
  2196 | D:3      | Bought a +1 morningstar of venom for 118 gold pieces
  2441 | D:4      | Found an ornate altar of the Wu Jian Council.
  2458 | D:4      | Became a worshipper of the Wu Jian Council
  2490 | D:4      | Reached skill level 2 in Maces & Flails
  2553 | D:4      | Reached XP level 5. HP: 43/43 MP: 5/5
  2576 | D:4      | Reached skill level 3 in Maces & Flails
  2767 | D:4      | Reached skill level 4 in Maces & Flails
  2768 | D:4      | Reached XP level 6. HP: 37/50 MP: 6/6
  3070 | D:4      | Reached * piety under Wu Jian
  3227 | D:4      | Found an opulent altar of Gozag.
  3466 | D:5      | Entered Level 5 of the Dungeon
  3471 | D:5      | Reached skill level 5 in Maces & Flails
  3737 | D:5      | Found a glowing golden altar of the Shining One.
  3829 | D:5      | Identified the +8 dagger "Seqyikhli" {freeze, +Blink rPois
                  | Dex-3}
  4064 | D:5      | Found a blossoming altar of Fedhas.
  4105 | D:5      | Gained mutation: You curl defensively after being hit. (AC
                  | +7*) [Palentonga growth]
  4105 | D:5      | Reached XP level 7. HP: 51/55 MP: 7/7
  4525 | D:5      | Reached skill level 6 in Maces & Flails
  4600 | D:6      | Reached skill level 7 in Maces & Flails
  4600 | D:6      | Reached XP level 8. HP: 55/65 MP: 8/8
  4689 | D:6      | Reached skill level 5 in Fighting
  4768 | D:6      | Reached skill level 8 in Maces & Flails
  4768 | D:6      | Cast into level 2 of the Abyss (wight)
  4796 | Abyss:2  | Drowned by a water elemental

Illustrated notes

Levels and vault maps discovered:
D:1:      dpeg_arrival_windows_large_door, layout_loops_cross, serial_shops,
          nicolae_shop_behind_doors
D:2:      layout_basic, basic_altar
D:3:      layout_rooms, serial_shops, nicolae_shop_crystal
D:4:      layout_basic, mainiacjoe_overflow_alcove_4,
          mainiacjoe_overflow_boulevard
D:5:      layout_gridville, tso_oasis_becter, fedhas_altar_decomposition
D:6:      minmay_angry_zag, layout_rooms, minmay_temple_entry_drinking_statues,
          serial_shops, nicolae_diamond_shop, st_stairs_9
Abyss:2:  base:
Temple

Skill      XL: |  1  2  3  4  5  6  7  8 |
---------------+-------------------------+-----
Axes           | 3 4 |  4.4
Maces & Flails | 2 4 5 7 8 |  8.0
Armour         | 3 |  3.0
Shields        | 3 |  3.0
Fighting       | 4 5 |  5.3

Action                   |  1- 3 |  4- 6 |  7- 9 || total
-------------------------+-------+-------+-------++-------
Melee: War axe           |   105 |    14 |       ||   119
       Tailslap          |     6 |    11 |    14 ||    31
       Morningstar       |       |   101 |    82 ||   183
Invok: Whirlwind         |       |     2 |     1 ||     3
       Lunge             |       |       |     1 ||     1
 Abil: Rolling Charge    |     1 |    25 |    14 ||    40
  Use: Scroll            |     5 |     4 |       ||     9
       Potion            |       |     2 |     1 ||     3
Armor: Scale mail        |    56 |    58 |    29 ||   143
Dodge: Dodged            |    39 |    48 |    22 ||   109
Block: Buckler           |    25 |    55 |    11 ||    91

Table legend: (Time is in decaauts)
 A = Elapsed time spent in this place.
 B = Non-inter-level travel time spent in this place.
 C = Inter-level travel time spent in this place.
 D = Time resting spent in this place.
 E = Time spent auto-exploring this place.
 F = Levels seen in this place.
 G = Mean time per level.
                   A        B        C        D        E       F      G
               +--------+--------+--------+--------+--------+-----+--------+
         Total |   4882 |   4725 |    157 |    778 |   2439 |   7 |  697.4 |
       Dungeon |   4854 |   4697 |    157 |    757 |   2439 |   6 |  809.0 |
         Abyss |     28 |     28 |      0 |     21 |      0 |   1 |   28.0 |
               +--------+--------+--------+--------+--------+-----+--------+

Top non-repeatable levels by time:
     D:1: 1141 daAuts
     D:5: 1042 daAuts
     D:4: 1003 daAuts
     D:2: 772 daAuts
     D:3: 712 daAuts
     D:6: 182 daAuts
 Abyss:2: 28 daAuts
